 Dungeon Crawl Stone Soup version 0.28-a0-384-g9e0c098162 (webtiles) character file.

Game seed: 12758032590620203361

83 robertstho the Magician (level 4, -1/31 HPs)
             Began as a Djinni Fire Elementalist on Sept 2, 2021.
             Slain by a kobold (2 damage)
             ... on level 2 of the Dungeon.
             The game lasted 00:02:21 (1704 turns).

robertstho the Magician (Djinni Fire Elementalist)  Turns: 1704, Time: 00:02:22

Health: -1/31      AC:  3    Str:  7    XL:     4   Next: 71%
Gold:   17         EV: 12    Int: 18    God:
                   SH:  0    Dex: 13

rFire   + + .      SeeInvis .   i - +0 dagger
rCold   x . .      Faith    .   (no shield)
rNeg    . . .      Spirit   .   a - +0 robe
rPois   ∞          Reflect  .   (no helmet)
rElec   .          Harm     .   g - +0 cloak
rCorr   .          Rampage  .   (no gloves)
Will    +....                   (boots unavailable)
Stlth   ++........              (no amulet)
HPRegen 0.10/turn               (no ring)
MPRegen 0.00/turn               (no ring)

@: flying
A: sickness immunity, fire resistance 2, cold vulnerability 1, float, innate
caster, hp casting, extra vitality 1, deterioration 1, strong-willed 1,
evolution 1
a: no special abilities


You were on level 2 of the Dungeon.
You visited 1 branch of the dungeon, and saw 2 of its levels.

You collected 17 gold pieces.

Inventory:

Hand Weapons
 i - a +0 dagger (weapon)
Armour
 a - a +0 robe (worn)
 g - a +0 cloak (worn)
Scrolls
 f - a scroll of enchant armour {unknown}
 j - a scroll of acquirement {unknown}
Potions
 b - a potion of heal wounds {unknown}
 c - a potion of curing {unknown}
 d - a potion of mutation
 e - a potion of brilliance {unknown}
 h - a potion of invisibility {unknown}


   Skills:
 * Level 0.4 Fighting
 + Level 2.3 Dodging
 + Level 1.7 Stealth
 * Level 3.8 Spellcasting


You couldn't memorise any spells.
You knew the following spells:

 Your Spells              Type           Power      Damage    Failure   Level
a - Foxfire               Conj/Fire      68%        2x1d7     3%          1
b - Scorch                Fire           34%        2d6       4%          2
c - Conjure Flame         Conj/Fire      17%        6-21      10%         3
d - Inner Flame           Hex/Fire       17%        N/A       10%         3
e - Sticky Flame          Conj/Fire      17%        2d4       30%         4
f - Fireball              Conj/Fire      8%         3d6       65%         5
g - Apportation           Tloc           34%        N/A       3%          1
Your spell library was empty.

Dungeon Overview and Level Annotations

Branches:
Dungeon (2/15)

Altars:


Innate Abilities, Weirdness & Mutations

You are immune to sickness and miasma.
You are immune to poison.
Your flesh is very heat resistant. (rF++)
You are vulnerable to cold. (rC-)
You float through the air rather than walking.
You learn spells naturally, not from books.
Your magical power is your life essence.
You have superior vitality. (+4 HP)
Your body sometimes deteriorates upon taking damage.
You are strong-willed. (Will+)
You have hidden genetic potential.


Message History

Flames lash the adder.
The adder is burned terribly!
You kill the adder!
* * * LOW HITPOINT WARNING * * *
Unknown command.
A kobold comes into view. It is wielding a +0 club.
A kobold is nearby!
A kobold is nearby!
A kobold is nearby!
A kobold is nearby!
A kobold is nearby!
A kobold is nearby!
A kobold is nearby!
A kobold is nearby!
The kobold drinks a potion.
The kobold seems to speed up.
There is a faded altar of an unknown god here.
Casting: Scorch (safe; 4% risk of failure)
Confirm with . or Enter, or press ? or * to list all spells.
Flames lash the kobold.
The kobold is moderately wounded.
The kobold's fire resistance burns away.
* * * LOW HITPOINT WARNING * * *
The kobold misses you. The kobold closely misses you.
A quokka comes into view.
Casting: Scorch (safe; 4% risk of failure)
Confirm with . or Enter, or press ? or * to list all spells.
Flames lash the kobold but do no damage.
* * * LOW HITPOINT WARNING * * *
The kobold is no longer more vulnerable to fire.
The kobold barely misses you. The kobold closely misses you.
Unknown command.
Casting: Scorch (safe; 4% risk of failure)
Confirm with . or Enter, or press ? or * to list all spells.
You don't have enough health to cast this spell.
It was a potion of mutation.
You feel extremely strange.
You feel a hidden potential growing inside you.
You feel yourself wasting away.
You feel strong-willed. The kobold barely misses you.
The kobold hits you with a +0 club.
* * * LOW HITPOINT WARNING * * *
The kobold hits you with a +0 club.
You die...

###### .....#
####.#
#†############
#.†..........#
############.# #.#
.###########.###
......÷......@.#
.#############K#
...#.#...#..#
..#.#.#.#.#.#..#
...............##
.#.#.#.#.#.#..r#
#_#...#...#
.#.#.#K#.#.#...###
......)..P.))÷....#


You could see a quokka and a kobold (fast).

Vanquished Creatures
  3 gnolls (D:2)
  2 adders (D:2)
  A dart slug (D:1)
  4 ball pythons
  A bat (D:1)
  3 endoplasms
  3 giant cockroaches
  3 goblins
  3 hobgoblins
  3 jackals (D:2)
  A kobold (D:1)
  2 quokkas
  A frilled lizard (D:2)
  A rat (D:1)
31 creatures vanquished.

Vanquished Creatures (others)
  84 foxfires
  3 fungi (D:2)
  5 plants (D:2)
92 creatures vanquished.

Grand Total: 123 creatures vanquished

Notes
Turn   | Place    | Note
-------+----------+-------------------------------------------
     0 | D:1      | robertstho the Djinni Fire Elementalist began the quest for
                  | the Orb.
     0 | D:1      | Reached XP level 1. HP: 15/15 MP: 0/0
   224 | D:1      | Reached XP level 2. HP: 17/21 MP: 0/0
   772 | D:1      | Reached skill level 3 in Spellcasting
   975 | D:1      | Reached XP level 3. HP: 19/25 MP: 0/0
   975 | D:1      | Learned a level 1 spell: Apportation
  1519 | D:2      | Found a faded altar of an unknown god.
  1672 | D:2      | Reached XP level 4. HP: 19/31 MP: 0/0
  1702 | D:2      | Gained mutation: You have hidden genetic potential. [potion
                  | of mutation]
  1702 | D:2      | Gained mutation: Your body sometimes deteriorates upon
                  | taking damage. [potion of mutation]
  1702 | D:2      | Gained mutation: You are strong-willed. (Will+) [potion of
                  | mutation]
  1702 | D:2      | HP: 1/31 [kobold (1)]
  1704 | D:2      | Slain by a kobold

Illustrated notes

Levels and vault maps discovered:
D:1:      minmay_arrival_shoal_huts, layout_rooms
D:2:      layout_loops_ring, shapermc_ecumenical_altar_mp_urbaneastern,
          uniq_crazy_yiuf_cottage

Skill      XL: |  1  2 |
---------------+-------+-----
Spellcasting   | 3 |  3.8
Fighting       | |  0.4
Dodging        | |  2.3
Stealth        | |  1.7

Action                   |  1- 3 |  4- 6 || total
-------------------------+-------+-------++-------
 Cast: Foxfire           |    52 |       ||    52
       Scorch            |    18 |     9 ||    27
  Use: Potion            |       |     1 ||     1
Armor: Robe              |     1 |       ||     1
Dodge: Dodged            |     7 |     6 ||    13

Table legend: (Time is in decaauts)
 A = Elapsed time spent in this place.
 B = Non-inter-level travel time spent in this place.
 C = Inter-level travel time spent in this place.
 D = Time resting spent in this place.
 E = Time spent auto-exploring this place.
 F = Levels seen in this place.
 G = Mean time per level.
                   A        B        C        D        E       F      G
               +--------+--------+--------+--------+--------+-----+--------+
         Total |   1703 |   1689 |     14 |      0 |   1498 |   2 |  851.5 |
       Dungeon |   1703 |   1689 |     14 |      0 |   1498 |   2 |  851.5 |
               +--------+--------+--------+--------+--------+-----+--------+

Top non-repeatable levels by time:
     D:1: 1101 daAuts
     D:2: 601 daAuts
